ESL (28 & UNDER)
MT PLEASANT BEARCATS @ WILMINGTON REBELS
06/07/2025
 
TOP OF THE 1ST
Mt Pleasant Bearcats batting - Pitching for Wilmington Rebels : RHP José Morán
Pitching: RHP José Morán
Batting: RHB Luis Maldonado 0-0: Foul Ball, location: 2F
0-1: Called Strike
0-2: Strikes out looking
Batting: LHB Colm Massey 0-0: Swinging Strike
0-1: Ball
1-1: Ball
2-1: Ball
3-1: Foul Ball, location: 2F
3-2: Foul Ball, location: 2F
3-2: Strikes out swinging
Batting: RHB Cristo García 0-0: Ground out 1-3 (Groundball, 23)
Top of the 1st over - 0 run(s), 0 hit(s), 0 error(s), 0 left on base; Mt Pleasant 0 - Wilmington 0
BOTTOM OF THE 1ST
Wilmington Rebels batting - Pitching for Mt Pleasant Bearcats : RHP Ricardo Quiñones
Pitching: RHP Ricardo Quiñones
Batting: RHB Octávio Marín 0-0: Ball
1-0: Foul Ball, location: 2F
1-1: Foul Ball, location: 2F
1-2: Ball
2-2: Strikes out swinging
Batting: RHB Jeff Jones 0-0: Called Strike
0-1: Swinging Strike
0-2: Ball
1-2: Ball
2-2: Foul Ball, location: 2F
2-2: Fly out, F6 (Popup, 56)
Batting: RHB Stephen Cochran 0-0: Ball
1-0: Foul Ball, location: 2F
1-1: Swinging Strike
1-2: Strikes out swinging
Bottom of the 1st over - 0 run(s), 0 hit(s), 0 error(s), 0 left on base; Mt Pleasant 0 - Wilmington 0
TOP OF THE 2ND
Mt Pleasant Bearcats batting - Pitching for Wilmington Rebels : RHP José Morán
Batting: RHB Armando Cuevas 0-0: Ball
1-0: Swinging Strike
1-1: Foul Ball, location: 2F
1-2: Fly out, F7 (Line Drive, 7S)
Batting: RHB Carlos Luna 0-0: Foul Ball, location: 2F
0-1: Ground out 6-3 (Groundball, 6M)
Batting: RHB Fernando Pérez 0-0: Ground out 4-3 (Groundball, 4M)
Top of the 2nd over - 0 run(s), 0 hit(s), 0 error(s), 0 left on base; Mt Pleasant 0 - Wilmington 0
BOTTOM OF THE 2ND
Wilmington Rebels batting - Pitching for Mt Pleasant Bearcats : RHP Ricardo Quiñones
Batting: RHB Eugene Allen 0-0: Called Strike
0-1: Foul Ball, location: 2F
0-2: Ball
1-2: Strikes out swinging
Batting: RHB Carlos Ordóñez 0-0: Foul Ball, location: 2F
0-1: Foul Ball, location: 2F
0-2: Ground out 5-3 (Groundball, 5S)
Batting: RHB Juan Brieno 0-0: Ball
1-0: Ball
2-0: Ball
3-0: Base on Balls
Batting: RHB Chan-seok O 0-0: Ball
1-0: Foul Ball, location: 2F
1-1: Ball
2-1: Fly out, F8 (Flyball, 8RM)
Bottom of the 2nd over - 0 run(s), 0 hit(s), 0 error(s), 1 left on base; Mt Pleasant 0 - Wilmington 0
TOP OF THE 3RD
Mt Pleasant Bearcats batting - Pitching for Wilmington Rebels : RHP José Morán
Batting: RHB Vic Langlois 0-0: Called Strike
0-1: Foul Ball, location: 2F
0-2: Ball
1-2: Ball
2-2: Ball
3-2: Ground out 1-3 (Groundball, 13)
Batting: RHB Roberto Martínez 0-0: Ball
1-0: Swinging Strike
1-1: SINGLE (Line Drive, 6MD)
Batting: RHB Ichizo Akiyama 0-0: Ball
1-0: Ball
2-0: Foul Ball, location: 2F
2-1: Foul Ball, location: 2F
2-2: Strikes out swinging
Batting: RHB Luis Maldonado 0-0: Ball
Roberto Martínez steals 2nd base
1-0: Fly out, F3 (Popup, 3F)
Top of the 3rd over - 0 run(s), 1 hit(s), 0 error(s), 1 left on base; Mt Pleasant 0 - Wilmington 0
BOTTOM OF THE 3RD
Wilmington Rebels batting - Pitching for Mt Pleasant Bearcats : RHP Ricardo Quiñones
Batting: RHB Carlos Moya 0-0: Ball
1-0: Called Strike
1-1: Fly out, F9 (Flyball, 9LM)
Batting: LHB Ramón Benítez 0-0: Called Strike
0-1: Ball
1-1: Ball
2-1: Foul Ball, location: 2F
2-2: Ball
3-2: Ground out U3 (Groundball, 3S)
Batting: RHB Octávio Marín 0-0: Ball
1-0: Called Strike
1-1: Fly out, F9 (Flyball, 89M)
Bottom of the 3rd over - 0 run(s), 0 hit(s), 0 error(s), 0 left on base; Mt Pleasant 0 - Wilmington 0
TOP OF THE 4TH
Mt Pleasant Bearcats batting - Pitching for Wilmington Rebels : RHP José Morán
Batting: LHB Colm Massey 0-0: Ball
1-0: Called Strike
1-1: Foul Ball, location: 2F
1-2: Foul Ball, location: 2F
1-2: Ball
2-2: Strikes out swinging
Batting: RHB Cristo García 0-0: Ball
1-0: Ball
2-0: Ball
3-0: Base on Balls
Batting: RHB Armando Cuevas 0-0: Ball
1-0: Swinging Strike
1-1: Foul Ball, location: 2F
1-2: Strikes out swinging
Batting: RHB Carlos Luna 0-0: Called Strike
Cristo García is caught stealing 2nd base
Top of the 4th over - 0 run(s), 0 hit(s), 0 error(s), 0 left on base; Mt Pleasant 0 - Wilmington 0
BOTTOM OF THE 4TH
Wilmington Rebels batting - Pitching for Mt Pleasant Bearcats : RHP Ricardo Quiñones
Batting: RHB Jeff Jones 0-0: Called Strike
0-1: Ball
1-1: SINGLE (Groundball, 34D)
Batting: RHB Stephen Cochran 0-0: Ball
1-0: Foul Ball, location: 2F
1-1: Ball
2-1: Fly out, F9 (Flyball, 89M)
Batting: RHB Eugene Allen 0-0: Ball
1-0: Called Strike
1-1: Swinging Strike
1-2: Fly out, F8 (Line Drive, 8RM)
Batting: RHB Carlos Ordóñez 0-0: Called Strike
0-1: Ball
1-1: Ball
2-1: SINGLE (Line Drive, 9S)
Jeff Jones to second
Batting: RHB Juan Brieno 0-0: Ball
1-0: Ball
2-0: Foul Ball, location: 2F
2-1: Ball
3-1: DOUBLE (Line Drive, 9LS)
Jeff Jones scores
Carlos Ordóñez to third
Pinch Runner at 2nd Al Reese:
Batting: RHB Chan-seok O 0-0: Called Strike
0-1: Ball
1-1: Foul Ball, location: 2F
1-2: Foul Ball, location: 2F
1-2: Ground out 6-3 (Groundball, 4M)
Bottom of the 4th over - 1 run(s), 3 hit(s), 0 error(s), 2 left on base; Mt Pleasant 0 - Wilmington 1
TOP OF THE 5TH
Mt Pleasant Bearcats batting - Pitching for Wilmington Rebels : RHP José Morán
Now at 2B: Al Reese
Batting: RHB Carlos Luna 0-0: Foul Ball, location: 2F
0-1: Called Strike
0-2: Foul Ball, location: 2F
0-2: Ground out 6-3 (Groundball, 6)
Batting: RHB Fernando Pérez 0-0: Called Strike
0-1: Ball
1-1: Ball
2-1: Foul Ball, location: 2F
2-2: Strikes out swinging
Batting: RHB Vic Langlois 0-0: Ball
1-0: Ball
2-0: Fly out, F7 (Flyball, 7M)
Top of the 5th over - 0 run(s), 0 hit(s), 0 error(s), 0 left on base; Mt Pleasant 0 - Wilmington 1
BOTTOM OF THE 5TH
Wilmington Rebels batting - Pitching for Mt Pleasant Bearcats : RHP Ricardo Quiñones
Batting: RHB Carlos Moya 0-0: Foul Ball, location: 2F
0-1: Ball
1-1: Ball
2-1: Called Strike
2-2: Strikes out swinging
Batting: LHB Ramón Benítez 0-0: Swinging Strike
0-1: Ball
1-1: Ball
2-1: Swinging Strike
2-2: Strikes out swinging
Batting: RHB Octávio Marín 0-0: SINGLE (Groundball, 3L)
Batting: RHB Jeff Jones 0-0: Ball
1-0: Called Strike
1-1: Ball
2-1: Called Strike
Octávio Marín steals 2nd base
2-2: Foul Ball, location: 2F
2-2: Ball
3-2: Base on Balls
Batting: RHB Stephen Cochran 0-0: Ball
Octávio Marín steals 3rd base
Jeff Jones to second
1-0: Called Strike
1-1: Fly out, F6 (Line Drive, 6)
Bottom of the 5th over - 0 run(s), 1 hit(s), 0 error(s), 2 left on base; Mt Pleasant 0 - Wilmington 1
TOP OF THE 6TH
Mt Pleasant Bearcats batting - Pitching for Wilmington Rebels : RHP José Morán
Batting: RHB Roberto Martínez 0-0: Foul Ball, location: 2F
0-1: Swinging Strike
0-2: Ball
1-2: Strikes out swinging
Batting: RHB Ichizo Akiyama 0-0: Ball
1-0: Swinging Strike
1-1: Foul Ball, location: 2F
1-2: Fly out, F9 (Flyball, 9M)
Batting: RHB Luis Maldonado 0-0: Called Strike
0-1: Swinging Strike
0-2: Ball
1-2: Foul Ball, location: 2F
1-2: Ball
2-2: Strikes out looking
Top of the 6th over - 0 run(s), 0 hit(s), 0 error(s), 0 left on base; Mt Pleasant 0 - Wilmington 1
BOTTOM OF THE 6TH
Wilmington Rebels batting - Pitching for Mt Pleasant Bearcats : RHP Ricardo Quiñones
Pitching: RHP Jorge Amador
Batting: RHB Eugene Allen 0-0: Ball
1-0: SINGLE (Line Drive, 9LS)
Batting: RHB Carlos Ordóñez 0-0: Ball
1-0: Foul Ball, location: 2F
1-1: Called Strike
1-2: Grounds into double play, 3-6-4 (Groundball, 34)
Batting: RHB Al Reese 0-0: Swinging Strike
0-1: Ball
1-1: Bunted foul
1-2: Foul Ball, location: 2F
1-2: Ball
2-2: Foul Ball, location: 2F
2-2: Ball
3-2: Foul Ball, location: 2F
3-2: Base on Balls
Batting: RHB Chan-seok O 0-0: Called Strike
0-1: Ball
1-1: Foul Ball, location: 2F
1-2: Foul Ball, location: 2F
1-2: Foul Ball, location: 2F
1-2: Foul Ball, location: 2F
1-2: Ball
2-2: Foul Ball, location: 2F
2-2: Ground out 3-1 (Groundball, 34)
Bottom of the 6th over - 0 run(s), 1 hit(s), 0 error(s), 1 left on base; Mt Pleasant 0 - Wilmington 1
TOP OF THE 7TH
Mt Pleasant Bearcats batting - Pitching for Wilmington Rebels : RHP José Morán
Batting: LHB Colm Massey 0-0: Ball
1-0: Called Strike
1-1: Swinging Strike
1-2: Ball
2-2: Foul Ball, location: 2F
2-2: Fly out, F7 (Flyball, 78S)
Batting: RHB Cristo García 0-0: Called Strike
0-1: Foul Ball, location: 2F
0-2: Strikes out looking
Batting: RHB Armando Cuevas 0-0: Ground out 5-3 (Groundball, 5L)
Top of the 7th over - 0 run(s), 0 hit(s), 0 error(s), 0 left on base; Mt Pleasant 0 - Wilmington 1
BOTTOM OF THE 7TH
Wilmington Rebels batting - Pitching for Mt Pleasant Bearcats : RHP Jorge Amador
Batting: RHB Carlos Moya 0-0: Ball
1-0: Ball
2-0: Called Strike
2-1: Ground out U3 (Groundball, 3S)
Batting: LHB Ramón Benítez 0-0: Ball
1-0: Called Strike
1-1: Swinging Strike
1-2: Ball
2-2: Foul Ball, location: 2F
2-2: Strikes out swinging
Batting: RHB Octávio Marín 0-0: Called Strike
0-1: Called Strike
0-2: Foul Ball, location: 2F
0-2: Ball
1-2: Ball
2-2: Strikes out swinging
Bottom of the 7th over - 0 run(s), 0 hit(s), 0 error(s), 0 left on base; Mt Pleasant 0 - Wilmington 1
TOP OF THE 8TH
Mt Pleasant Bearcats batting - Pitching for Wilmington Rebels : RHP José Morán
Batting: RHB Carlos Luna 0-0: Fly out, F9 (Flyball, 9M)
Batting: RHB Fernando Pérez 0-0: Ball
1-0: Called Strike
1-1: Ball
2-1: Ball
3-1: Base on Balls
Batting: RHB Vic Langlois 0-0: Ball
Wild Pitch!
Fernando Pérez to second
1-0: Ball
2-0: Called Strike
2-1: Foul Ball, location: 2F
2-2: Strikes out looking
Pitching: RHP Rob Fields
Pinch Hitting: SHB Roberto Rivera 0-0: Ball
1-0: Fly out, F7 (Flyball, 7LD)
Top of the 8th over - 0 run(s), 0 hit(s), 0 error(s), 1 left on base; Mt Pleasant 0 - Wilmington 1
BOTTOM OF THE 8TH
Wilmington Rebels batting - Pitching for Mt Pleasant Bearcats : RHP Jorge Amador
Pitching: LHP Henry Barton
Now at 2B: Irving Galloway
Batting: RHB Jeff Jones 0-0: Called Strike
0-1: Ball
1-1: Fly out, F9 (Popup, 89S)
Batting: RHB Stephen Cochran 0-0: Foul Ball, location: 2F
0-1: Foul Ball, location: 2F
0-2: Foul Ball, location: 2F
0-2: Ball
1-2: Ball
2-2: Strikes out swinging
Batting: RHB Eugene Allen 0-0: Ball
1-0: Ground out 6-3 (Groundball, 6)
Bottom of the 8th over - 0 run(s), 0 hit(s), 0 error(s), 0 left on base; Mt Pleasant 0 - Wilmington 1
TOP OF THE 9TH
Mt Pleasant Bearcats batting - Pitching for Wilmington Rebels : RHP Rob Fields
Pitching: RHP Porter Warren
Now at 3B: Roy MacCluskie
Batting: RHB Ichizo Akiyama 0-0: Ball
1-0: Ball
2-0: Called Strike
2-1: Foul Ball, location: 2F
2-2: Foul Ball, location: 2F
2-2: Ball
3-2: Base on Balls
Batting: RHB Luis Maldonado 0-0: Sac Bunt - play at first, batter OUT! 2-4
Ichizo Akiyama to second
Batting: LHB Colm Massey 0-0: Ball
1-0: Ball
2-0: Ball
3-0: Called Strike
3-1: Swinging Strike
3-2: Ground out 6-3 (Groundball, 6M)
Ichizo Akiyama to third
Batting: RHB Cristo García 0-0: Fly out, F3 (Popup, 3SF)
Top of the 9th over - 0 run(s), 0 hit(s), 0 error(s), 1 left on base; Mt Pleasant 0 - Wilmington 1
This league is powered by Out of the Park Baseball, the baseball management simulation game for PC, Mac and Linux
Tuesday, August 2nd, 2016 - OOTP Baseball 16.8 Build 38